 Dungeon Crawl Stone Soup version 0.17.1-3-g152610e (webtiles) character file.

131 Gargoyl the Skirmisher (level 4, 0/55 HPs)
             Began as a Demonspawn Abyssal Knight on Mar 29, 2016.
             Was a Follower of Lugonu.
             Slain by a gnoll
             ... wielding a +0 whip
              (5 damage)
             ... on level 2 of the Dungeon.
             The game lasted 00:05:14 (1944 turns).

Gargoyl the Skirmisher (Demonspawn Abyssal Knight)  Turns: 1944, Time: 00:05:14

Health: 0/55       AC: 22    Str: 13    XL:     4   Next: 91%
Magic:  6/6        EV:  2    Int: 18    God:    Lugonu [*.....]
Gold:   159        SH:  0    Dex: 18    Spells: 0 memorised, 3 levels left

rFire  . . .     SeeInvis .     i - +1 hand axe (freeze)
rCold  . . .     Clarity  .     (armour currently unavailable)
rNeg   + + +     SustAt   .     (no shield)
rPois  +         Gourm    .     (helmet currently unavailable)
rElec  .         Spirit   .     (cloak currently unavailable)
rCorr  .         Warding  .     (gloves currently unavailable)
rMut   .         NoTele   +     (boots currently unavailable)
MR     .....                    (no amulet)
Stlth  +++.......               (no ring)
                                (no ring)

@: brilliant, agile, tree-form, very slightly contaminated, not resistant to
hostile enchantments, fairly stealthy
A: (hooves 0)
a: Depart the Abyss, Renounce Religion


You were on level 2 of the Dungeon.
You worshipped Lugonu.
Lugonu was aware of your devotion.
You were hungry.
You were a tree.
You visited 1 branch of the dungeon, and saw 2 of its levels.
You visited the Abyss 1 time.

You collected 159 gold pieces.

Inventory:

Hand Weapons
 i - a +1 hand axe of freezing (weapon)
Armour
 l - a +0 plate armour (melded)
 q - a +0 cloak (melded)
Scrolls
 b - a scroll of enchant weapon
 d - a scroll of fog {unknown}
 f - a scroll of immolation {unknown}
 g - a scroll of identify {unknown}
 h - a scroll of remove curse {unknown}
 j - a scroll of teleportation {unknown}
 k - a scroll of noise {unknown}
Potions
 a - a potion of haste
Comestibles
 c - 3 bread rations
 n - a meat ration


   Skills:
 + Level 3.7 Fighting
 + Level 2.1 Axes
 * Level 3.5 Armour
 + Level 1.1 Dodging
 + Level 0.2 Stealth
 + Level 3.4 Invocations


You had 3 spell levels left.
You didn't know any spells.

Dungeon Overview and Level Annotations

Branches:
Dungeon (2/15)

Altars:
Ashenzari


Innate Abilities, Weirdness & Mutations

((You have large cloven feet.))


Message History

* * * LOW HITPOINT WARNING * * *
Drink which item? (? for menu, Esc to quit)
It was a potion of lignification.
You turn into a tree.
Your +0 cloak melds into your body.
Your +0 plate armour melds into your body.
Your roots penetrate the ground.
The gnoll hits you but does no damage.
Drink which item? (? for menu, Esc to quit)
It was a potion of brilliance.
You feel clever all of a sudden. The gnoll hits you but does no damage.
Drink which item? (? for menu, Esc to quit)
It was a potion of flight.
Your roots keep you in place.
The gnoll hits you but does no damage.
You hit the gnoll. You freeze the gnoll.
The gnoll is heavily wounded.
The gnoll hits you but does no damage.
You closely miss the gnoll.
The gnoll is heavily wounded.
The gnoll hits you with a whip.
You die...

#####...#####.##.# .
####
...............#.. .
#)..
<..[.....(........
.# #...
.................##.
#.).
#####...#####.#....
##'# ##.....## ..J.
♣.♣ #.......# #o#
♣♣. ##.....## #g#
### ♣. #####...##
#♣# #.# ♣♣ ...##...#
#.########.# ♣♣.
##.##...#
##........#.# ♣♣P.
.#<###.#####
##...#####.#.#


♣PPP ...........###....# #.#.# #... .#................# #...#####..
##..#.###.####.#..# #(#........ ....#.###.#.......#####.#####...#
###.#..##.#.##.##.......# ##### You could see a gnoll, an ooze and an orc.

Vanquished Creatures
  Crazy Yiuf (D:2)
  Ijyb (D:2)
  3 gnolls (D:2)
  An adder (D:2)
  A worm (D:2)
  2 ball pythons
  2 giant cockroaches (D:1)
  2 hobgoblins (D:2)
  6 kobolds
  6 bats
  2 giant geckos
  A giant newt (D:2)
  6 goblins (D:1)
  2 rats
36 creatures vanquished.

Notes
Turn   | Place    | Note
--------------------------------------------------------------
     0 | Abyss:1  | Gargoyl the Demonspawn Abyssal Knight began the quest for the Orb.
     0 | Abyss:1  | Reached XP level 1. HP: 18/18 MP: 2/2
    40 | Abyss:1  | Noticed a spatial maelstrom
    68 | Abyss:1  | Noticed a tentacled starspawn
    71 | Abyss:1  | Noticed a small abomination
    76 | Abyss:1  | Found a corrupted altar of Lugonu.
   117 | Abyss:1  | Noticed a small abomination
   117 | Abyss:1  | Noticed an ancient zyme
   140 | Abyss:1  | Noticed a ynoxinul
   142 | D:1      | Escaped the Abyss
   461 | D:1      | You fall through a shaft!
   493 | D:2      | Gained mutation: You have large cloven feet. [demonic ancestry]
   493 | D:2      | Reached XP level 2. HP: 20/24 MP: 4/4
   645 | D:1      | Reached * piety under Lugonu
   753 | D:1      | Found a shattered altar of Ashenzari.
  1042 | D:1      | Reached XP level 3. HP: 27/29 MP: 5/5
  1172 | D:2      | Noticed Ijyb
  1196 | D:2      | Killed Ijyb
  1553 | D:2      | Reached skill level 1 in Dodging
  1586 | D:2      | Reached XP level 4. HP: 37/37 MP: 6/6
  1875 | D:2      | Noticed Crazy Yiuf
  1883 | D:2      | Killed Crazy Yiuf
  1944 | D:2      | Slain by a gnoll

Action                   |  1- 3 |  4- 6 || total
-------------------------+-------+-------++-------
Melee: Hand axe          |    95 |    32 ||   127
Invok: Depart the Abyss  |     1 |       ||     1
  Use: Scroll            |     1 |       ||     1
       Potion            |     2 |     4 ||     6
 Stab: Invisible         |       |     1 ||     1
  Eat: Chunk             |     3 |       ||     3
